 Dungeon Crawl Stone Soup version 0.15.0-12-gccce430 (webtiles) character file.

104 HungrySpirit the Insei (level 4, -4/23 HPs)
             Began as a Vine Stalker Monk on Sept 1, 2014.
             Slain by Terence
             ... wielding a +0 flail
              (5 damage)
             ... on Level 3 of the Dungeon.
             The game lasted 00:04:14 (2233 turns).

HungrySpirit the Insei (Vine Stalker Monk)          Turns: 2233, Time: 00:04:14

HP  -4/23        AC  9     Str 20      XL: 4   Next: 80%
MP   0/5         EV  7     Int 10      God:
Gold 90          SH  0     Dex 16      Spells:  0 memorised,  3 levels left

rFire  + . .     SeeInvis .     d - +0 hand axe
rCold  + . .     Clarity  .     p - +0 chain mail (curse)
rNeg   . . .     rCorr    .     (no shield)
rPois  .         rRot     +     (no helmet)
rElec  .         Spirit   +     r - +0 cloak
SustAb .         Warding  .     (no gloves)
rMut   .         Stasis   .     (no boots)
Gourm  .                        (no amulet)
MR     .....                    m - ring of protection from cold
                                i - ring of protection from fire

@: mighty, not resistant to hostile enchantments, extremely unstealthy
A: fangs 2, regeneration 1, magic shield, antimagic bite, no device heal 3, rot
immunity
a: no special abilities


You were on level 3 of the Dungeon.
You were not hungry.

You visited 1 branch of the dungeon, and saw 3 of its levels.

You collected 90 gold pieces.

Inventory:

Hand weapons
 d - a +0 hand axe (weapon)
Armour
 p - a cursed +0 chain mail (worn)
 r - a +0 cloak (worn)
Comestibles
 b - a bread ration
 n - 2 fruits
 q - a meat ration
 s - a rotting chunk of goblin flesh
Scrolls
 a - 2 scrolls of remove curse {unknown}
 e - a scroll of recharging {unknown}
 h - 3 scrolls of identify {unknown}
 j - a scroll of fear {unknown}
 l - a scroll of fog {unknown}
 t - a scroll of amnesia {unknown}
 v - a scroll of magic mapping {unknown}
Jewellery
 i - a ring of protection from fire (left hand)
 m - a ring of protection from cold (right hand)
Potions
 c - a potion of confusion {unknown}
 k - a potion of mutation {unknown}
 o - a potion of lignification {unknown}
 u - a potion of invisibility {unknown}


   Skills:
 - Level 2.7 Fighting
 * Level 2.7 Axes
 + Level 1.1 Armour
 - Level 2.9 Dodging
 - Level 2.8 Stealth
 - Level 4.0 Unarmed Combat


You had 3 spell levels left.
You didn't know any spells.

Dungeon Overview and Level Annotations

Branches:
Dungeon (3/15)

Altars:
Makhleb

Annotations:
D:3 Terence


Innate Abilities, Weirdness & Mutations

You have extremely sharp teeth.
Your natural rate of healing is unusually fast.
When hurt, damage is shared between your health and your magic reserves.
Your bite disrupts and absorbs the magic of your enemies.
Potions and wands cannot restore your health.
You are immune to rotting.


Message History

You closely miss the orc wizard.
The orc wizard is heavily wounded.
You barely miss the orc. You bite the orc. You drain its power.
You feel invigorated.
The orc is severely wounded.
You completely miss Terence. The orc wizard hits you with a dagger.
* * * LOW HITPOINT WARNING * * *
The orc closely misses you. Terence closely misses you.
Unknown command.
Unknown command.
Unknown command.
Unknown command.
Your chain mail prevents you from hitting Terence.
You slash the orc!
You kill the orc!
You slash the orc wizard!
You kill the orc wizard!
Your Armour skill increases to level 1!
Terence hits you with a flail!
You die...

#..#.# ##.#.#
#...# ##..##
#...# #.>.# ##
#...#
...##.#@####...#
.......)@......#
##.....)%......#
#..........####
#..........#
#..........#
?.........#
.........#
#########


You could see Terence.

Vanquished Creatures
  An orc wizard (D:3)
  An adder (D:2)
  A worm (D:2)
  2 giant geckos (D:1)
  An ooze (D:1)
  4 orcs (D:3)
  2 giant cockroaches
  3 hobgoblins (D:2)
  2 jackals (D:2)
  8 kobolds
  A quokka (D:2)
  2 ball pythons
  11 bats
  6 giant newts
  4 goblins
  15 rats
64 creatures vanquished.

Notes
Turn   | Place    | Note
--------------------------------------------------------------
     0 | D:1      | HungrySpirit, the Vine Stalker Monk, began the quest for the Orb.
     0 | D:1      | Reached XP level 1. HP: 11/11 MP: 1/1
   272 | D:1      | Reached skill level 1 in Axes
   292 | D:1      | Reached XP level 2. HP: 16/16 MP: 3/3
   852 | D:1      | Reached XP level 3. HP: 17/19 MP: 4/4
  1208 | D:2      | Found a burning altar of Makhleb.
  1496 | D:2      | Reached XP level 4. HP: 23/23 MP: 5/5
  2224 | D:3      | Noticed Terence
  2232 | D:3      | HP: 1/23 [orc wizard/dagger (2)]
  2233 | D:3      | Reached skill level 1 in Armour
  2233 | D:3      | Slain by Terence

Action                   |  1- 3 |  4- 6 || total
-------------------------+-------+-------++-------
Melee: Hand axe          |   114 |    46 ||   160
       Unarmed           |     4 |       ||     4
  Use: Potion            |       |     2 ||     2
 Stab: Sleeping          |     2 |       ||     2
  Eat: Chunk             |     2 |     2 ||     4
